 Dungeon Crawl Stone Soup version 0.27.0-1-g7a089689b8 (webtiles) character file.

Game seed: 19732907435531709

346 BOMJPIETVODKU the Shield-Bearer (level 6, -5/53 HPs)
             Began as a Gnoll Fighter on Aug 2, 2021.
             Was a Follower of Cheibriados.
             Slain by an orc priest (12 damage)
             ... on level 5 of the Dungeon.
             The game lasted 00:14:47 (4102 turns).

BOMJPIETVODKU the Shield-Bearer (Gnoll Fighter)     Turns: 4102, Time: 00:14:47

Health: -5/53      AC: 21    Str: 18    XL:     6   Next: 59%
Magic:  9/9        EV:  4    Int: 11    God:    Cheibriados [*.....]
Gold:   229        SH: 10    Dex: 13    Spells: 9/9 levels left

rFire    . . .     SeeInvis .   a - +0 flail
rCold    . . .     Faith    .   c - +0 kite shield
rNeg     . . .     Spirit   .   w - +0 plate armour
rPois    .         Reflect  .   (no helmet)
rElec    .         Harm     .   o - +2 cloak {Will+}
rCorr    .         Rampage  .   g - +0 pair of gloves
Will     +....                  (no boots)
Stlth    ..........             (no amulet)
HPRegen  0.17/turn              r - +4 ring of protection
MPRegen  0.11/turn              h - ring of flight

@: flying, very slow
A: fangs 1, strong nose, distributed training
a: Renounce Religion, Bend Time


You were on level 5 of the Dungeon.
You worshipped Cheibriados.
Cheibriados was aware of your devotion.
You visited 2 branches of the dungeon, and saw 6 of its levels.

You collected 229 gold pieces.

Inventory:

Hand Weapons
 a - a +0 flail (weapon)
 k - a +0 dagger
 q - a +0 morningstar
 x - the +7 fustibalus of the Big Bang {flame, MP+9}
   (You found it on level 4 of the Dungeon)

   Any ammunition fired from it burns those it strikes, dealing additional fire
   damage.
   MP:        It affects your magic capacity (+9).
Missiles
 p - 6 javelins (quivered)
Armour
 b - a +0 scale mail
 c - a +0 kite shield (worn)
 g - a +0 pair of gloves (worn)
 o - a +2 cloak of willpower (worn)
 w - a +0 plate armour (worn)
Jewellery
 h - a ring of flight (right hand)
 r - a +4 ring of protection (left hand)
Wands
 m - a wand of acid (2)
Scrolls
 j - 4 scrolls of teleportation
 l - 3 scrolls of identify {unknown}
 s - a scroll of amnesia {unknown}
 t - a scroll of noise {unknown}
 u - a scroll of silence {unknown}
 v - a scroll of acquirement {unknown}
Potions
 d - 2 potions of might
 e - a potion of attraction {unknown}
 f - 2 potions of curing {unknown}
 i - a potion of lignification {unknown}
 n - 2 potions of heal wounds {unknown}


   Skills:
 + Level 6.8 Fighting
 + Level 2.0 Short Blades
 + Level 2.0 Long Blades
 + Level 2.0 Axes
 + Level 5.0 Maces & Flails
 + Level 2.0 Polearms
 + Level 2.0 Staves
 + Level 2.0 Slings
 + Level 2.0 Bows
 + Level 2.0 Crossbows
 + Level 2.0 Throwing
 + Level 6.8 Armour
 + Level 2.0 Dodging
 + Level 2.0 Stealth
 + Level 6.8 Shields
 + Level 2.0 Unarmed Combat
 + Level 2.0 Spellcasting
 + Level 1.6 Conjurations
 + Level 1.6 Hexes
 + Level 1.6 Summonings
 + Level 1.6 Necromancy
 + Level 1.6 Translocations
 + Level 1.6 Transmutations
 + Level 1.6 Fire Magic
 + Level 1.6 Ice Magic
 + Level 1.6 Air Magic
 + Level 1.6 Earth Magic
 + Level 1.6 Poison Magic
 + Level 2.2 Invocations
 + Level 2.0 Evocations


You had 9 spell levels left.
You didn't know any spells.
Your spell library contained the following spells:

 Spells                   Type           Power      Damage    Failure   Level
 Foxfire                  Conj/Fire      16%        2x1d4     100%        1
 Freeze                   Ice            16%        1d4       100%        1
 Conjure Flame            Conj/Fire      4%         6-21      100%        3
 Frozen Ramparts          Ice            8%         1d2       100%        3
 Inner Flame              Hex/Fire       4%         N/A       100%        3
 Hailstorm                Conj/Ice       4%         3d4       100%        4


Dungeon Overview and Level Annotations

Branches:
Dungeon (5/15)             Temple (1/1) D:4

Altars:
Ashenzari
Cheibriados
Dithmenos
Elyvilon
Gozag
Makhleb
Nemelex Xobeh
Trog
Vehumet
Wu Jian
Xom


Innate Abilities, Weirdness & Mutations

You have very sharp teeth.
Your uncanny sense of smell can sniff out nearby items.
Your experience applies equally to all skills.


Message History

The sky beast is moderately wounded.
The sky beast hits you but does no damage. x2
Press: ? - help, v - describe, . - travel A rock wall.
You block the sky beast's attack.
You hit the sky beast. Your bite misses the sky beast.
The sky beast is heavily wounded.
The sky beast hits you but does no damage.
An orc priest comes into view. It is wielding a +0 hand axe.
An orc comes into view. It is wielding a +0 club.
The orc priest shouts!
You hit the sky beast.
The sky beast is heavily wounded.
The sky beast hits you but does no damage.
You block the sky beast's attack.
You barely miss the sky beast.
The sky beast is heavily wounded.
An orc priest comes into view. It is wielding a +0 hand axe.
The sky beast hits you but does no damage.
The orc priest miscasts a cantrip.
The orc priest shouts!
You sock the sky beast!
The sky beast is almost dead.
You hear a shout! x2
You block the sky beast's attack. The sky beast barely misses you.
You sock the sky beast!
You kill the sky beast!
Cheibriados thoroughly appreciates the change of pace.
The orc priest hits you but does no damage.
Space warps horribly around you!!
The orc throws a boomerang.
You block the boomerang.
The orc priest mumbles some strange prayers to Beogh against you.
Beogh smites you!
The orc priest calls down the wrath of Beogh upon you.
Beogh smites you!
* * * LOW HITPOINT WARNING * * *
The orc priest hits you with a +2 flail of distortion.
* * * LOW HITPOINT WARNING * * *
Space warps horribly around you!
You die...

### ..# #.# ######
#.# #......
##.####.......
#....#........
...#.#....#........
.......<..@o.o....[
...#......#o.......
##.....#>.......
#.....#......).
......##...o....
##.###.#.....o...
#. #........... #.
............


You could see 3 orc priests, an orc wizard and an orc.

Vanquished Creatures
  A sky beast (D:5)
  A phantom (D:4)
  A bullfrog skeleton (D:2)
  An iguana (D:4)
  Terence (D:3)
  4 gnolls
  5 adders
  2 adder skeletons (D:4)
  A worm (D:2)
  A dart slug (D:1)
  11 orcs
  5 endoplasms
  2 giant cockroaches
  6 goblins
  8 hobgoblins
  12 jackals
  2 quokkas
  6 ball pythons
  4 bats
  6 frilled lizards
  5 kobolds
  8 rats
93 creatures vanquished.

Vanquished Creatures (others)
  2 plants (D:4)
2 creatures vanquished.

Grand Total: 95 creatures vanquished

Notes
Turn   | Place    | Note
-------+----------+-------------------------------------------
     0 | D:1      | BOMJPIETVODKU the Gnoll Fighter began the quest for the
                  | Orb.
     0 | D:1      | Reached XP level 1. HP: 23/23 MP: 1/1
   113 | D:1      | Found a faded altar of an unknown god.
   234 | D:1      | Reached XP level 2. HP: 29/29 MP: 2/2
   361 | D:1      | Reached XP level 3. HP: 16/35 MP: 3/3
  1243 | D:2      | Reached skill level 1 in Invocations
  1558 | D:2      | Reached skill level 1 in Short Blades
  1558 | D:2      | Reached skill level 1 in Long Blades
  1558 | D:2      | Reached skill level 1 in Axes
  1558 | D:2      | Reached skill level 1 in Polearms
  1558 | D:2      | Reached skill level 1 in Staves
  1558 | D:2      | Reached skill level 1 in Slings
  1558 | D:2      | Reached skill level 1 in Bows
  1558 | D:2      | Reached skill level 1 in Crossbows
  1558 | D:2      | Reached skill level 1 in Throwing
  1558 | D:2      | Reached skill level 1 in Dodging
  1558 | D:2      | Reached skill level 1 in Stealth
  1558 | D:2      | Reached skill level 1 in Unarmed Combat
  1558 | D:2      | Reached skill level 1 in Spellcasting
  1558 | D:2      | Reached skill level 1 in Evocations
  1578 | D:2      | Reached XP level 4. HP: 41/41 MP: 5/5
  1666 | D:2      | Reached skill level 1 in Conjurations
  1666 | D:2      | Reached skill level 1 in Hexes
  1666 | D:2      | Reached skill level 1 in Summonings
  1666 | D:2      | Reached skill level 1 in Necromancy
  1666 | D:2      | Reached skill level 1 in Translocations
  1666 | D:2      | Reached skill level 1 in Transmutations
  1666 | D:2      | Reached skill level 1 in Fire Magic
  1666 | D:2      | Reached skill level 1 in Ice Magic
  1666 | D:2      | Reached skill level 1 in Air Magic
  1666 | D:2      | Reached skill level 1 in Earth Magic
  1666 | D:2      | Reached skill level 1 in Poison Magic
  2284 | D:3      | Reached XP level 5. HP: 47/47 MP: 6/6
  2297 | D:3      | Noticed Terence
  2307 | D:3      | Killed Terence
  2418 | D:3      | Found a white marble altar of Elyvilon.
  3107 | D:4      | Noticed a phantom
  3112 | D:4      | Found a staircase to the Ecumenical Temple.
  3124 | D:4      | Killed a phantom
  3125 | D:4      | Reached XP level 6. HP: 27/53 MP: 8/8
  3126 | Temple   | Entered the Ecumenical Temple
  3432 | Temple   | Became a worshipper of Cheibriados the Contemplative
  3527 | D:4      | Reached skill level 5 in Maces & Flails
  3852 | D:4      | Reached * piety under Cheibriados
  3887 | D:4      | Found an ornate altar of the Wu Jian Council.
  4039 | D:4      | Identified the +7 fustibalus of the Big Bang {flame, MP+9}
  4089 | D:5      | Entered Level 5 of the Dungeon
  4091 | D:5      | Noticed a sky beast
  4102 | D:5      | Killed a sky beast
  4102 | D:5      | Slain by an orc priest

Illustrated notes

Levels and vault maps discovered:
D:1:      dpeg_arrival_round_a, layout_basic, shapermc_ecumenical_altar_pompeii
D:2:      layout_loops_ring
D:3:      layout_loops_ring, mainiacjoe_overflow_six_doors_small,
          due_unseen_surprise, uniq_terence
D:4:      layout_gridville, nicolae_wu_jian_glorious_leap,
          minmay_temple_entry_gardened_gates
D:5:      layout_rooms, uniq_eustachio
Temple:   nicolae_temple_god_jail

Skill      XL: |  1  2  3  4  5  6 |
---------------+-------------------+-----
Invocations    | 1 2 |  2.2
Short Blades   | 1 2 |  2.0
Long Blades    | 1 2 |  2.0
Axes           | 1 2 |  2.0
Polearms       | 1 2 |  2.0
Staves         | 1 2 |  2.0
Slings         | 1 2 |  2.0
Bows           | 1 2 |  2.0
Crossbows      | 1 2 |  2.0
Throwing       | 1 2 |  2.0
Dodging        | 1 2 |  2.0
Stealth        | 1 2 |  2.0
Unarmed Combat | 1 2 |  2.0
Spellcasting   | 1 2 |  2.0
Evocations     | 1 2 |  2.0
Conjurations   | 1 |  1.6
Hexes          | 1 |  1.6
Summonings     | 1 |  1.6
Necromancy     | 1 |  1.6
Translocations | 1 |  1.6
Transmutations | 1 |  1.6
Fire Magic     | 1 |  1.6
Ice Magic      | 1 |  1.6
Air Magic      | 1 |  1.6
Earth Magic    | 1 |  1.6
Poison Magic   | 1 |  1.6
Maces & Flails | 5 |  5.0
Fighting       | |  6.8
Armour         | |  6.8
Shields        | |  6.8

Action                   |  1- 3 |  4- 6 || total
-------------------------+-------+-------++-------
Melee: Flail             |   104 |   264 ||   368
       Bite              |     7 |    29 ||    36
  Use: Scroll            |       |     1 ||     1
Armor: Scale mail        |    56 |   115 ||   171
       Plate armour      |       |    54 ||    54
Dodge: Dodged            |    40 |   109 ||   149
Block: Kite shield       |    60 |   194 ||   254
